AoeStats
← feizda

Four Lakes

509544400Analyzed
1v1 RM · 5d ago on Sep 27, 2026· 26m 49s· 2 players
Game mode
Random Map
Map size
Tiny (2 player)
Population
200
Speed
Normal
Resources
Standard
Victory
Conquest
Starting age
Dark Age
Ending age
Imperial Age
RankedLock teamsTeams togetherTeam positionsShared explorationLock speedFull tech treeHidden civsTurbo modeCheats
Victory
Defeat
🇨🇳 Portuguese · China
1220
+11
🇹🇼 Saxons · Taiwan
1112
-11
feizda
5:46 Loom
9:04 Feudal Age
9:39 Double-Bit Axe
11:15 Horse Collar
12:41 Fishing Lines
15:14 Wheelbarrow
17:24 Castle Age
15:39 Town Watch
15:46 Gold Mining
16:45 Bloodlines
18:52 Bow Saw
18:37 Gillnets
26:05 Forging
25:35 Crossbowman
scl5724
10:51 Feudal Age
12:05 Double-Bit Axe
13:09 Loom
17:42 Castle Age
16:15 Horse Collar
18:47 Fletching
20:54 Scale Mail Armor
22:13 Squires
22:51 Forging
Connection lost

Rejoining the realm…

Still unreachable

The connection could not be restored.

Session expired

The server has moved on; the page needs a fresh start.